 Dungeon Crawl Stone Soup version 0.26.1-11-gd32895ea62 (webtiles) character file.

Game seed: 2359104396539976445

6856 Zeld the Cleaver (level 11, -17/99 HPs)
             Began as a Hill Orc Monk on Aug 5, 2021.
             Was an Elder of Beogh.
             Hit by a large rock thrown by a cyclops (27 damage)
             ... on level 11 of the Dungeon on Aug 6, 2021.
             The game lasted 00:27:57 (22152 turns).

Zeld the Cleaver (Hill Orc Monk)                   Turns: 22152, Time: 00:27:58

Health: -17/99     AC: 12    Str: 18    XL:     11   Next: 6%
Magic:  18/18      EV:  7    Int: 10    God:    Beogh [****..]
Gold:   614        SH:  0    Dex: 13    Spells: 10/10 levels left

rFire    . . .     SeeInvis .   a - +2 hand axe (flame)
rCold    . . .     Faith    .   (no shield)
rNeg     . . .     Spirit   .   x - +0 plate armour
rPois    .         Reflect  .   (no helmet)
rElec    .         Harm     .   r - +0 cloak
rCorr    .         Rampage  .   j - +0 pair of gloves
Will     .....                  (no boots)
Stlth    ..........             (no amulet)
HPRegen  0.26/turn              (no ring)
MPRegen  0.16/turn              (no ring)

@: no status effects
A: no striking features
a: Renounce Religion, Smiting, Recall Orcish Followers


You were on level 11 of the Dungeon.
You worshipped Beogh.
Beogh was greatly pleased with you.
You visited 2 branches of the dungeon, and saw 12 of its levels.
You also visited: Ossuary.

You collected 1680 gold pieces.
You spent 1066 gold pieces at shops.

Inventory:

Hand Weapons
 a - a +2 hand axe of flaming (weapon)
Missiles
 q - 53 poisoned darts (quivered)
 z - 7 boomerangs
 A - 3 silver boomerangs
Armour
 j - a +0 pair of gloves (worn)
 r - a +0 cloak (worn)
 x - a +0 plate armour (worn)
Wands
 b - a wand of disintegration (34)
 m - a wand of iceblast (8)
 s - a wand of acid (24)
 t - a wand of polymorph (9)
 D - a wand of paralysis (9)
Scrolls
 d - 7 scrolls of remove curse
 l - 6 scrolls of teleportation
 n - 4 scrolls of magic mapping
 p - a scroll of amnesia {unknown}
 y - a scroll of brand weapon
 B - 2 scrolls of fear {unknown}
 C - 2 scrolls of identify
Potions
 c - 7 potions of mutation {unknown}
 e - 3 potions of flight {unknown}
 f - 2 potions of might {unknown}
 g - a potion of haste
 h - a potion of invisibility {unknown}
 i - 7 potions of curing {unknown}
 k - 4 potions of heal wounds {unknown}
 o - 2 potions of brilliance {unknown}
 u - 3 potions of degeneration {unknown}
 v - 3 potions of lignification {unknown}
 w - a potion of ambrosia {unknown}


   Skills:
 * Level 10.1 Fighting
 * Level 11.1 Axes
 + Level 4.6 Throwing
 + Level 5.3 Dodging
 + Level 5.3 Stealth
 * Level 9.7 Invocations


You had 10 spell levels left.
You didn't know any spells.
Your spell library contained the following spells:

 Spells                   Type           Power        Failure   Level
 Shock                    Conj/Air       0%           100%        1
 Ensorcelled Hibernation  Hex/Ice        0%           100%        2
 Swiftness                Air            0%           100%        2
 Portal Projectile        Hex/Tloc       0%           100%        3
 Static Discharge         Conj/Air       0%           100%        3
 Summon Guardian Golem    Hex/Summ       0%           100%        3
 Airstrike                Air            0%           100%        4
 Fulminant Prism          Conj/Hex       0%           100%        4
 Lightning Bolt           Conj/Air       0%           100%        5
 Discord                  Hex            0%           100%        8


Dungeon Overview and Level Annotations

Branches:
Dungeon (11/15)            Temple (1/1) D:5            Lair (0/6) D:8
    Orc (0/2) D:9         Ossuary (visited)

Altars:
Ashenzari
Cheibriados
Dithmenos
Elyvilon
Fedhas
Gozag
Hepliaklqana
Kikubaaqudgha
Makhleb
Nemelex Xobeh
Okawaru
Qazlal
Ru
Sif Muna
Trog
Uskayaw
Vehumet
Wu Jian
Xom
Yredelemnul
Zin
The Shining One
Lugonu

Shops:
D:4 }   D:9 (


Message History

The centaur warrior shoots an arrow.
The arrow hits you!
A cyclops comes into view.
You see here an arrow.
The centaur warrior shoots an arrow.
The arrow hits you!
* * * LOW HITPOINT WARNING * * *
You swap places.
The centaur warrior shoots an arrow.
The arrow hits your orc knight!!
You see here an arrow.
The centaur warrior shoots an arrow.
The arrow hits your orc knight!
A water moccasin comes into view.
The centaur warrior shoots an arrow.
The arrow hits your orc knight!
The centaur warrior shoots an arrow.
The arrow barely misses your orc knight.
The arrow hits you!
* * * LOW HITPOINT WARNING * * *
The centaur warrior shoots an arrow.
The arrow hits your orc knight!
Unknown command.
The cyclops throws a large rock.
The large rock misses your orc knight. The large rock hits you!!
You die...

+....#...# ######
#....#...#
#....##+##....##'##
#....#........#...#
.######....#........#.o.#
.........$.+..o.....#...#
...C.....o.#..oo....##'##
'##S.(ooo##'##o...#...#
.......co@.o(..#....'...#
......._.......#oo..#...#
.....!.....#####o...#####
...........# #o...#
......#....# #....#
#######....+ #.)..#
......# #....# .######
##.#..# #..#..#


You could see a centaur warrior, a cyclops, a water moccasin, 2 friendly orc
knights, 3 friendly orc warriors and a friendly orc.

Vanquished Creatures
  A two-headed ogre (D:10)
  A centaur zombie (D:10)
  Maggie (D:6)
  3 yaks (D:10)
  Edmund (D:4)
  A water moccasin (D:11)
  A sky beast (D:4)
  An eye of draining (D:10)
  2 ogres
  A phantom (D:8)
  2 boggarts (D:10)
  A centaur (D:5)
  4 bullfrogs
  A gnoll sergeant (D:5)
  2 killer bees
  3 wights (D:10)
  A howler monkey (D:10)
  A human zombie (Ossuary)
  A hound (D:9)
  3 jellies
  2 orc priests (D:10)
  4 orc wizards
  An iguana (D:4)
  8 worker ants
  A big kobold zombie (Ossuary)
  A hound zombie (D:7)
  A hound skeleton (D:5)
  5 mummies
  2 worker ant zombies
  7 gnolls
  A howler monkey skeleton (D:6)
  8 adders
  A shadow imp (D:9)
  4 white imps
  An ufetubus (D:5)
  An ooze (D:4)
  An adder zombie (D:5)
  An adder skeleton (D:7)
  2 worms (D:2)
  A dart slug (D:1)
  3 leopard geckos
  15 orcs
  A ball python (D:2)
  9 bats
  3 giant cockroaches
  A gnoll zombie (Ossuary)
  10 goblins
  7 hobgoblins
  11 jackals
  7 quokkas
  3 frilled lizards
  2 hobgoblin zombies (Ossuary)
  8 kobolds
  3 kobold zombies
  An orc zombie (Ossuary)
  12 rats
181 creatures vanquished.

Vanquished Creatures (collateral kills)
  A centaur zombie (D:9)
  An elephant (D:8)
  A gargoyle (D:10)
  2 trolls
  Grinder (D:6)
  A hornet (D:10)
  Sigmund (D:6)
  2 wyverns
  A basilisk (D:8)
  A yak (D:9)
  Duvessa (D:7)
  A water moccasin (D:9)
  2 sky beasts (D:8)
  4 orc warriors
  A black bear (D:8)
  A necrophage (D:8)
  2 boggarts (D:10)
  A phantom (D:8)
  An ogre (D:7)
  A centaur (D:10)
  A big kobold (D:9)
  6 bullfrogs
  Dowan (D:7)
  A scorpion (D:7)
  A wyvern skeleton (D:10)
  4 wights (D:10)
  A killer bee (D:9)
  3 howler monkeys (D:9)
  A bullfrog zombie (D:10)
  A hound (D:7)
  Crazy Yiuf (D:7)
  An orc priest (D:7)
  2 bullfrog skeletons
  7 orc wizards
  A centaur skeleton (D:7)
  An iguana (D:7)
  8 worker ants
  A howler monkey skeleton (D:9)
  2 gnolls (D:5)
  A shadow imp (D:8)
  A white imp (D:8)
  An ufetubus (D:8)
  A worm (D:5)
  2 leopard geckos
  6 orcs
  A jackal (D:9)
  A hobgoblin zombie (D:5)
  3 kobolds (D:9)
  A leopard gecko zombie (D:8)
  A quokka skeleton (D:7)
90 creatures vanquished.

Vanquished Creatures (others)
  An orc priest (D:10)
  10 orcs
  2 fungi (D:8)
  A plant (D:8)
14 creatures vanquished.

Grand Total: 285 creatures vanquished

Notes
Turn   | Place    | Note
-------+----------+-------------------------------------------
     0 | D:1      | Zeld the Hill Orc Monk began the quest for the Orb.
     0 | D:1      | Reached XP level 1. HP: 19/19 MP: 1/1
   221 | D:1      | Reached XP level 2. HP: 20/27 MP: 2/2
  1179 | D:2      | Reached XP level 3. HP: 16/33 MP: 3/3
  2523 | D:2      | Reached XP level 4. HP: 25/41 MP: 4/4
  2620 | D:1      | Reached skill level 5 in Axes
  3724 | D:2      | Became a worshipper of Beogh the Brigand
  3724 | D:2      | Reached * piety under Beogh
  3724 | D:2      | Reached ** piety under Beogh
  3920 | D:2      | Reached XP level 5. HP: 47/47 MP: 5/5
  4322 | D:3      | Reached skill level 5 in Fighting
  4997 | D:3      | Found a burning altar of Makhleb.
  5089 | D:3      | Found a sparkling altar of Nemelex Xobeh.
  6683 | D:3      | Reached skill level 1 in Invocations
  7006 | D:3      | Found an ancient bone altar of Kikubaaqudgha.
  7006 | D:3      | Found a blossoming altar of Fedhas.
  7008 | D:3      | Found a hide-covered altar of Uskayaw.
  7231 | D:4      | Found a broken altar of Ashenzari.
  7269 | D:4      | Found a white marble altar of Elyvilon.
  7269 | D:4      | Found a glowing silver altar of Zin.
  7270 | D:4      | Found a glowing golden altar of the Shining One.
  7303 | D:4      | Reached XP level 6. HP: 22/56 MP: 5/7
  7801 | D:4      | Reached skill level 6 in Axes
  8250 | D:4      | Noticed a sky beast
  8834 | D:3      | Found a burning altar of Makhleb.
  9060 | D:3      | Found a sparkling altar of Nemelex Xobeh.
  9770 | D:3      | Found an ancient bone altar of Kikubaaqudgha.
  9770 | D:3      | Found a blossoming altar of Fedhas.
  9772 | D:3      | Found a hide-covered altar of Uskayaw.
 10459 | D:4      | Noticed Edmund
 10485 | D:4      | Killed Edmund
 10486 | D:4      | Reached skill level 1 in Throwing
 10486 | D:4      | Reached XP level 7. HP: 22/62 MP: 7/9
 10731 | D:4      | Found Giev's Gadget Boutique.
 10804 | D:4      | Bought a wand of disintegration (6) for 130 gold pieces
 11353 | D:5      | Entered Level 5 of the Dungeon
 11375 | D:5      | Found a sand-covered staircase.
 11497 | Ossuary  | Entered an ossuary
 12747 | D:5      | Found a basalt altar of Yredelemnul.
 12757 | D:5      | Reached *** piety under Beogh
 12828 | D:5      | Reached skill level 7 in Axes
 12830 | D:5      | Reached XP level 8. HP: 47/71 MP: 9/11
 13319 | D:5      | Found a staircase to the Ecumenical Temple.
 13345 | Temple   | Entered the Ecumenical Temple
 13763 | D:6      | Noticed Maggie
 13774 | D:6      | Killed Maggie
 13877 | D:6      | Noticed a wyvern
 13887 | D:6      | Reached skill level 5 in Invocations
 13890 | D:6      | Killed a wyvern
 14268 | D:6      | Noticed Grinder
 14273 | D:6      | Paralysed by Grinder for 4 turns
 14278 | D:6      | Killed Grinder
 14279 | D:6      | Reached skill level 8 in Axes
 14778 | D:6      | Noticed Sigmund
 14789 | D:6      | Killed Sigmund
 14935 | D:6      | Found a radiant altar of Vehumet.
 15250 | D:7      | Reached XP level 9. HP: 79/79 MP: 13/13
 15611 | D:7      | Found a shimmering altar of Xom.
 15678 | D:7      | Found a shimmering blue altar of Sif Muna.
 15771 | D:7      | Noticed Dowan
 15774 | D:7      | Noticed Duvessa
 15793 | D:7      | Killed Duvessa
 15798 | D:7      | Killed Dowan
 16056 | D:7      | Found a hazy altar of Hepliaklqana.
 16094 | D:7      | Found a runed translucent door.
 16095 | D:7      | Noticed Crazy Yiuf
 16103 | D:7      | Killed Crazy Yiuf
 16665 | D:7      | Reached skill level 9 in Axes
 17708 | D:8      | Found a staircase to the Lair.
 17709 | D:8      | Noticed an elephant
 17720 | D:8      | Killed an elephant
 18720 | D:9      | Found a shadowy altar of Dithmenos.
 18734 | D:9      | Reached XP level 10. HP: 80/90 MP: 15/15
 19110 | D:9      | Reached skill level 10 in Axes
 19134 | D:9      | Reached **** piety under Beogh
 19199 | D:9      | Identified a scroll of acquirement
 19200 | D:9      | Acquired 1204 gold pieces
 19342 | D:9      | Found Atrum's Weapon Boutique.
 19344 | D:9      | Found a staircase to the Orcish Mines.
 19730 | D:9      | Identified the Reference Book on Curses
 19907 | D:4      | Bought a wand of acid (6) for 260 gold pieces
 19907 | D:4      | Bought a wand of acid (10) for 364 gold pieces
 19907 | D:4      | Bought a wand of acid (8) for 312 gold pieces
 20131 | D:10     | Entered Level 10 of the Dungeon
 20287 | D:10     | Noticed a gargoyle
 20299 | D:10     | Killed a gargoyle
 20300 | D:10     | Reached skill level 5 in Dodging
 20300 | D:10     | Reached skill level 5 in Stealth
 20907 | D:10     | Noticed a gargoyle
 21259 | D:10     | Found a snail-covered altar of Cheibriados.
 21358 | D:10     | Noticed a two-headed ogre
 21366 | D:10     | Killed a two-headed ogre
 21367 | D:10     | Reached skill level 10 in Fighting
 21367 | D:10     | Reached skill level 11 in Axes
 21367 | D:10     | Reached XP level 11. HP: 70/99 MP: 18/18
 22141 | D:11     | Found an ornate altar of the Wu Jian Council.
 22142 | D:11     | Noticed a centaur warrior
 22146 | D:11     | Noticed a cyclops
 22152 | D:11     | Hit by a large rock thrown by a cyclops

Illustrated notes

Levels and vault maps discovered:
D:1:      nicolae_arrival_somewhat_less_tricky_arrival, layout_loops_ring,
          minivault_4, kennysheep_crisscross, st_stairs_10, minmay_misc_feat_chi
D:2:      minmay_evil_eye, layout_loops_corners, minmay_tetromino_i4
D:3:      layout_basic, nemelex_xobeh_ov_fountains_minmay, lemuel_doored_altar,
          nicolae_overflow_hidden_temple
D:4:      layout_cave_pods, good_gods_temple_1, kennysheep_little_box,
          serial_shops, nicolae_shop_statue_plus, uniq_edmund
D:5:      layout_basic, yredelemnul_altar_generic, temple_pool_b,
          nicolae_ossuary_entry_giza
D:6:      layout_layer_cave, kennysheep_mini_moat, uniq_grinder, uniq_sigmund,
          uniq_maggie
D:7:      layout_loops_corners, nzn_hepliaklqana_mist_gate, led_sif_pool,
          old_standard_altar, kennysheep_minor_cross, uniq_duvessa,
          uniq_crazy_yiuf_cottage
D:8:      layout_gridville, david_lair_generic
D:9:      layout_long_grid, grunt_dithmenos_smoke, orc_david_3, st_stairs_3
D:10:     layout_stronghold, basic_altar, minmay_holes
D:11:     layout_grid_maze, basic_altar
Temple:   corrupted_temple

Skill      XL: |  1  2  3  4  5  6  7  8  9 10 |
---------------+-------------------------------+-----
Fighting       | 4 5 6 7 8 10 | 10.1
Stealth        | 2 3 4 5 |  5.3
Axes           | 5 6 7 8 9 11 | 11.1
Dodging        | 3 4 5 |  5.3
Invocations    | 1 2 4 5 7 9 |  9.7
Throwing       | 1 2 3 4 |  4.6

Action                   |  1- 3 |  4- 6 |  7- 9 | 10-12 || total
-------------------------+-------+-------+-------+-------++-------
Melee: Hand axe          |   113 |   286 |   356 |   180 ||   935
Throw: Dart              |       |    36 |    24 |       ||    60
Invok: Convert to Beogh  |       |     1 |       |       ||     1
Evoke: Wand              |       |       |       |     2 ||     2
  Use: Scroll            |       |       |    13 |     2 ||    15
 Stab: Sleeping          |     3 |     6 |    10 |       ||    19
       Distracted        |     1 |       |     5 |     3 ||     9
Armor: Robe              |    20 |    21 |       |       ||    41
       Leather armour    |       |    26 |    55 |       ||    81
       Plate armour      |       |       |    11 |   117 ||   128
Dodge: Dodged            |    80 |   213 |   188 |    65 ||   546
